 Seeded DCSS version 0.30-a0-1164-ge08a67761e (webtiles) character file.

Game seed: 429816 (custom seed)

5 Esekla the Sneak (level 1, -2/24 HPs)
             Began as an Octopode Delver on Apr 29, 2023.
             Slain by a sleepcap (7 damage)
             ... on level 5 of the Dungeon.
             The game lasted 00:02:51 (224 turns).

Esekla the Sneak (Octopode Delver)                   Turns: 224, Time: 00:02:52

Health: -2/24      AC:  1    Str: 11    XL:     1   Next: 80%
Magic:  1/1        EV: 13    Int: 12    God:
Gold:   40         SH:  0    Dex: 13    Spells: 0/0 levels left

rFire   . . .        a - +0 falchion
rCold   . . .        (no shield)
rNeg    . . .        (helmet restricted)
rPois   .            (no amulet)
rElec   .            (no ring)
rCorr   .            (no ring)
SInv    .            (no ring)
Will    .....        (no ring) Stlth
                     (no ring)
HPRegen 0.24/turn    (no ring)
MPRegen 0.07/turn    (no ring)
                     (no ring)

%: no passive effects
@: berserking, very quick
A: almost no armour, amphibious, 8 rings, camouflage 1, gelatinous body 1,
(nimble swimmer 1), tentacles
a: no special abilities


You were on level 5 of the Dungeon.
You visited 1 branch of the dungeon, and saw 1 of its levels.

You collected 40 gold pieces.

Inventory:

Hand Weapons
 a - a +0 falchion (weapon)
Jewellery
 e - a +6 ring of dexterity
Wands
 f - a wand of digging (3)
Scrolls
 b - a scroll of fog


   Skills:
 + Level 3.0 Fighting
 + Level 2.0 Long Blades
 + Level 2.0 Dodging
 + Level 6.9 Stealth


You couldn't memorise any spells.
You didn't know any spells.
Your spell library was empty.

Dungeon Overview and Level Annotations

Branches:
Dungeon (5/15)
 Temple: D:4-7

Altars:


Innate Abilities, Weirdness & Mutations

You cannot wear most types of armour.
You are amphibious.
You can wear up to eight rings at the same time.
Your skin changes colour to match your surroundings (Stealth+).
Your rubbery body absorbs attacks. (AC +1, EV +1)
((You are camouflaged when in or above water. (Stealth+)))
You have tentacles for arms and can constrict up to eight enemies at once.


Message History

As you read the scroll of fear, it crumbles to dust.
You assume a fearsome visage.
The gnoll sergeant looks frightened!
The gnoll looks frightened! x2; The sleepcap is unaffected.
The sleepcap barely misses you.
The gnoll gibbers meaninglessly.
The gnoll shouts!
You hit the sleepcap but do no damage. You grab the sleepcap.
You tentacle-slap the sleepcap, but do no damage.
You constrict the sleepcap, but do no damage.
The sleepcap closely misses you.
You hit the sleepcap.
The sleepcap is lightly damaged.
You constrict the sleepcap. The sleepcap releases spores at you.
You hit the sleepcap but do no damage.
The sleepcap is lightly damaged.
You constrict the sleepcap, but do no damage.
The sleepcap releases spores at you but does no damage.
Okay, then.
Okay, then.
You hit the sleepcap but do no damage.
The sleepcap is lightly damaged.
You constrict the sleepcap, but do no damage.
The sleepcap closely misses you.
You hit the sleepcap.
The sleepcap is moderately damaged.
You constrict the sleepcap. The sleepcap releases spores at you!
Ouch! That really hurt!
You are engulfed in a cloud of soporific spores!
You fall asleep.
You lose your grip on the sleepcap.
The sleepcap releases spores at you.
You wake up.
* * * LOW HITPOINT WARNING * * *
You are engulfed in a cloud of soporific spores!
You are unaffected.
The gnoll closely misses you.
It was a potion of berserk rage.
A red film seems to cover your vision as you go berserk!
You feel yourself moving faster!
You feel mighty!
The black bear growls angrily.
The sleepcap releases spores at you!
You die...

#......#..#*,,,,,♣#..# #...#...#
#?.....#.#*,,,,,,,##.####.).#...#
#......#.#∩,,,8,,,>#.#..#...#...#
#......#.##,,,,,,,*#...#.###.###.
#......#..#♣,,,,,♣#..#.#.........
#......#..##,*+*,##.##.#.###.###.
#..........###,###..##..#...#...#
#........#h..###.f.####.#...#...#
########...#..g.@### #.....#...#
###.....### ###....###. #######
###..,*.. ##,,#.. **,.## *..,,
*,,** ****


You could see a black bear, a sleepcap and a gnoll.

Vanquished Creatures
  An ufetubus (D:5)
1 creature vanquished.

Notes
Turn   | Place    | Note
-------+----------+-------------------------------------------
     0 | D:5      | Esekla the Octopode Delver began the quest for the Orb.
     0 | D:5      | Reached XP level 1. HP: 16/16 MP: 1/1
    29 | D:5      | Noticed a jelly
    56 | D:5      | Noticed a jelly
    56 | D:5      | Noticed an orc wizard
   111 | D:5      | Noticed an iguana
   134 | D:5      | Noticed a sleepcap
   196 | D:5      | Noticed a gnoll sergeant
   198 | D:5      | Noticed a black bear
   224 | D:5      | Slain by a sleepcap

Illustrated notes

Levels and vault maps discovered:
D:5:      cheibrodos_iron_armory, layout_basic,
          nicolae_qazlal_beasts_of_the_sky, nemelex_spade_bored_becter,
          minmay_misc_feat_iff, nicolae_titane

Action                     || total
---------------------------++-------
  Melee: Falchion          ||     6
         Constrict         ||     1
         Punch             ||     1
         Tentacles         ||     1
    Use: Scroll            ||     2
         Potion            ||     2
 Armour: Skin              ||     1
  Dodge: Dodged            ||     7

Table legend: (Time is in decaauts)
 A = Elapsed time spent in this place.
 B = Non-inter-level travel time spent in this place.
 C = Inter-level travel time spent in this place.
 D = Time resting spent in this place.
 E = Time spent auto-exploring this place.
 F = Levels seen in this place.
 G = Mean time per level.
                   A        B        C        D        E       F      G
               +--------+--------+--------+--------+--------+-----+--------+
         Total |    210 |    210 |      0 |      0 |      0 |   1 |  210.0 |
       Dungeon |    210 |    210 |      0 |      0 |      0 |   1 |  210.0 |
               +--------+--------+--------+--------+--------+-----+--------+

Top non-repeatable levels by time:
     D:5: 210 daAuts
